NCAA
OHIO STATE BUCKEYES @ TENNESSEE VOLUNTEERS
05/20/2023
 
TOP OF THE 1ST
Ohio State Buckeyes batting - Pitching for Tennessee Volunteers : LHP Dwight Livingston
Pitching: LHP Dwight Livingston
Batting: SHB Tony Patterson 0-0: Ball
1-0: Called Strike
1-1: Ball
2-1: Ground out 1-3 (Groundball, 15)
Batting: SHB Jorge Rodríguez 0-0: Foul Ball, location: 2F
0-1: Ground out 5-3 (Groundball, 5)
Batting: RHB Júlio Morales 0-0: Ball
1-0: Called Strike
1-1: Fly out, F2 (Popup, 2LF)
Top of the 1st over - 0 run(s), 0 hit(s), 0 error(s), 0 left on base; Ohio State 0 - Tennessee 0
BOTTOM OF THE 1ST
Tennessee Volunteers batting - Pitching for Ohio State Buckeyes : RHP Andrew Dodson
Pitching: RHP Andrew Dodson
Batting: RHB Travis Colbert 0-0: Ground out 4-3 (Groundball, 4)
Batting: RHB Jesús Villegas 0-0: Foul Ball, location: 2F
0-1: Ball
1-1: Ball
2-1: Ball
3-1: Foul Ball, location: 2F
3-2: Foul Ball, location: 2F
3-2: Base on Balls
Batting: LHB Alejandro Rojas 0-0: Ball
1-0: Ball
2-0: Called Strike
2-1: Called Strike
2-2: Ball
3-2: Base on Balls
Jesús Villegas to second
Batting: RHB Brian Parks 0-0: Ball
1-0: Ball
2-0: Fly out, F8 (Flyball, 8RXD)
Runner from 2nd tags up, SAFE at 3rd, no throw
Batting: RHB Eugene Jefferson 0-0: Called Strike
0-1: Called Strike
0-2: Ball
1-2: Foul Ball, location: 2F
1-2: Fly out, F8 (Flyball, 89M)
Bottom of the 1st over - 0 run(s), 0 hit(s), 0 error(s), 2 left on base; Ohio State 0 - Tennessee 0
TOP OF THE 2ND
Ohio State Buckeyes batting - Pitching for Tennessee Volunteers : LHP Dwight Livingston
Batting: LHB Frank García 0-0: Ball
1-0: Ball
2-0: Swinging Strike
2-1: Swinging Strike
2-2: Strikes out swinging
Batting: RHB Gabriel Soto 0-0: Swinging Strike
0-1: Foul Ball, location: 2F
0-2: Ball
1-2: Ball
2-2: Ball
3-2: Strikes out swinging
Batting: RHB Brad Johnson 0-0: Ball
1-0: SINGLE (Line Drive, 56)
Batting: SHB Devin Smith 0-0: Called Strike
0-1: Swinging Strike
0-2: Strikes out looking
Top of the 2nd over - 0 run(s), 1 hit(s), 0 error(s), 1 left on base; Ohio State 0 - Tennessee 0
BOTTOM OF THE 2ND
Tennessee Volunteers batting - Pitching for Ohio State Buckeyes : RHP Andrew Dodson
Batting: RHB Ken Sánchez 0-0: Ball
1-0: Ball
2-0: Ball
3-0: Called Strike
3-1: Swinging Strike
3-2: Foul Ball, location: 2F
3-2: Base on Balls
Batting: RHB Aaron Washington 0-0: Ball
1-0: Called Strike
1-1: SINGLE (Groundball, 6MD)
Ken Sánchez to second
Batting: RHB Michael Sawyer 0-0: Called Strike
0-1: Ball
1-1: Called Strike
1-2: Foul Ball, location: 2F
1-2: Ball
2-2: Strikes out swinging
Batting: RHB Courtnay Beck 0-0: Called Strike
0-1: Ground out 5-3 (Groundball, 5S)
Ken Sánchez to third
Aaron Washington to second
Batting: RHB Travis Colbert 0-0: Called Strike
0-1: Fly out, F3 (Line Drive, 3L)
Bottom of the 2nd over - 0 run(s), 1 hit(s), 0 error(s), 2 left on base; Ohio State 0 - Tennessee 0
TOP OF THE 3RD
Ohio State Buckeyes batting - Pitching for Tennessee Volunteers : LHP Dwight Livingston
Batting: LHB Matt Ruskin 0-0: Called Strike
0-1: Ball
1-1: Called Strike
1-2: Ground out U3 (Groundball, 3L)
Batting: SHB Junior Nájera 0-0: Foul Ball, location: 2F
0-1: Ball
1-1: Swinging Strike
1-2: Ball
2-2: Ball
3-2: Foul Ball, location: 2F
3-2: Strikes out swinging
Batting: SHB Tony Patterson 0-0: Foul Ball, location: 2F
0-1: Ball
1-1: Ball
2-1: Foul Ball, location: 2F
2-2: Foul Ball, location: 2F
2-2: Ball
3-2: Ground out 4-3 (Groundball, 4MS)
Top of the 3rd over - 0 run(s), 0 hit(s), 0 error(s), 0 left on base; Ohio State 0 - Tennessee 0
BOTTOM OF THE 3RD
Tennessee Volunteers batting - Pitching for Ohio State Buckeyes : RHP Andrew Dodson
Batting: RHB Jesús Villegas 0-0: Ball
1-0: Ground out 6-3 (Groundball, 6MS)
Batting: LHB Alejandro Rojas 0-0: Fly out, F8 (Flyball, 8RD)
Batting: RHB Brian Parks 0-0: Ground out 4-3 (Groundball, 4M)
Bottom of the 3rd over - 0 run(s), 0 hit(s), 0 error(s), 0 left on base; Ohio State 0 - Tennessee 0
TOP OF THE 4TH
Ohio State Buckeyes batting - Pitching for Tennessee Volunteers : LHP Dwight Livingston
Batting: SHB Jorge Rodríguez 0-0: Foul Ball, location: 2F
0-1: Fly out, F4 (Line Drive, 4)
Batting: RHB Júlio Morales 0-0: Called Strike
0-1: Foul Ball, location: 2F
0-2: Strikes out swinging
Batting: LHB Frank García 0-0: Called Strike
0-1: Called Strike
0-2: Fly out, F9 (Line Drive, 89S)
Top of the 4th over - 0 run(s), 0 hit(s), 0 error(s), 0 left on base; Ohio State 0 - Tennessee 0
BOTTOM OF THE 4TH
Tennessee Volunteers batting - Pitching for Ohio State Buckeyes : RHP Andrew Dodson
Batting: RHB Eugene Jefferson 0-0: Ground out 5-3 (Groundball, 5L)
Batting: RHB Ken Sánchez 0-0: Ball
1-0: Ball
2-0: Swinging Strike
2-1: Ball
3-1: Base on Balls
Batting: RHB Aaron Washington 0-0: Ball
1-0: Foul Ball, location: 2F
1-1: Ball
2-1: Foul Ball, location: 2F
2-2: Fly out, F8 (Flyball, 8LS)
Batting: RHB Michael Sawyer Pickoff Throw to First - Error! E1
Ken Sánchez to second
0-0: Ball
1-0: Foul Ball, location: 2F
1-1: Ball
2-1: TRIPLE (Flyball, 9LM)
Ken Sánchez scores
Batting: RHB Courtnay Beck 0-0: Ball
1-0: Foul Ball, location: 2F
1-1: Foul Ball, location: 2F
1-2: Strikes out looking
Bottom of the 4th over - 1 run(s), 1 hit(s), 1 error(s), 1 left on base; Ohio State 0 - Tennessee 1
TOP OF THE 5TH
Ohio State Buckeyes batting - Pitching for Tennessee Volunteers : LHP Dwight Livingston
Batting: RHB Gabriel Soto 0-0: Swinging Strike
0-1: Ball
1-1: Swinging Strike
1-2: Strikes out swinging
Batting: RHB Brad Johnson 0-0: Ball
1-0: Called Strike
1-1: Called Strike
1-2: Ball
2-2: Ball
3-2: SINGLE (Line Drive, 4MD)
Batting: SHB Devin Smith 0-0: Called Strike
0-1: Swinging Strike
0-2: Strikes out looking
Batting: LHB Matt Ruskin 0-0: Ball
1-0: Ball
2-0: Ball
3-0: Called Strike
3-1: Fielders Choice at 2nd, U4 (Groundball, 4M)
Top of the 5th over - 0 run(s), 1 hit(s), 0 error(s), 1 left on base; Ohio State 0 - Tennessee 1
BOTTOM OF THE 5TH
Tennessee Volunteers batting - Pitching for Ohio State Buckeyes : RHP Andrew Dodson
Batting: RHB Travis Colbert 0-0: Called Strike
0-1: Ball
1-1: Foul Ball, location: 2F
1-2: Strikes out swinging
Batting: RHB Jesús Villegas 0-0: Ball
1-0: Ball
2-0: Ground out 5-3 (Groundball, 5)
Batting: LHB Alejandro Rojas 0-0: Called Strike
0-1: Ground out 4-3 (Groundball, 4)
Bottom of the 5th over - 0 run(s), 0 hit(s), 0 error(s), 0 left on base; Ohio State 0 - Tennessee 1
TOP OF THE 6TH
Ohio State Buckeyes batting - Pitching for Tennessee Volunteers : LHP Dwight Livingston
Batting: SHB Junior Nájera 0-0: Ground out 1-3 (Groundball, 13S)
Batting: SHB Tony Patterson 0-0: Called Strike
0-1: Ball
1-1: DOUBLE (Line Drive, 7LM)
Batting: SHB Jorge Rodríguez 0-0: Called Strike
0-1: Swinging Strike
0-2: Foul Ball, location: 2F
0-2: Strikes out swinging
Batting: RHB Júlio Morales 0-0: Called Strike
0-1: Reached on error, E5 (Groundball, 56)
Tony Patterson to third
Batting: LHB Frank García 0-0: Called Strike
0-1: Foul Ball, location: 2F
0-2: Ball
1-2: Strikes out swinging
Top of the 6th over - 0 run(s), 1 hit(s), 1 error(s), 2 left on base; Ohio State 0 - Tennessee 1
BOTTOM OF THE 6TH
Tennessee Volunteers batting - Pitching for Ohio State Buckeyes : RHP Andrew Dodson
Batting: RHB Brian Parks 0-0: Called Strike
Reached via error on a dropped throw, E3
Batting: RHB Eugene Jefferson 0-0: Ball
1-0: Ball
2-0: Ball
3-0: Called Strike
3-1: Base on Balls
Brian Parks to second
Pitching: RHP Danny Bates
Batting: RHB Ken Sánchez 0-0: Ball
1-0: Foul Ball, location: 2F
1-1: Foul Ball, location: 2F
1-2: Ball
2-2: Strikes out looking
Batting: RHB Aaron Washington 0-0: Ball
1-0: Foul Ball, location: 2F
1-1: Ball
2-1: Fly out, F8 (Popup, 8RS)
Batting: RHB Michael Sawyer 0-0: Called Strike
0-1: SINGLE (Flyball, 6MD)
Brian Parks to third
Eugene Jefferson to second
Runner from 3rd tries for Home, SAFE, no throw or cutoff
Batting: RHB Courtnay Beck 0-0: Called Strike
0-1: Ball
1-1: Foul Ball, location: 2F
1-2: Strikes out swinging
Bottom of the 6th over - 1 run(s), 1 hit(s), 1 error(s), 2 left on base; Ohio State 0 - Tennessee 2
TOP OF THE 7TH
Ohio State Buckeyes batting - Pitching for Tennessee Volunteers : LHP Dwight Livingston
Pitching: RHP Tom Fisher
Batting: RHB Gabriel Soto 0-0: Called Strike
0-1: Called Strike
0-2: Strikes out swinging
Batting: RHB Brad Johnson 0-0: Ball
1-0: Ball
2-0: Ball
3-0: Foul Ball, location: 2F
3-1: Base on Balls
Batting: SHB Devin Smith 0-0: Foul Ball, location: 2F
0-1: Ball
1-1: Grounds into double play, 6-4-3 (Groundball, 6)
Top of the 7th over - 0 run(s), 0 hit(s), 0 error(s), 0 left on base; Ohio State 0 - Tennessee 2
BOTTOM OF THE 7TH
Tennessee Volunteers batting - Pitching for Ohio State Buckeyes : RHP Danny Bates
Batting: RHB Travis Colbert 0-0: Swinging Strike
0-1: Called Strike
0-2: Ball
1-2: Ball
2-2: Ball
3-2: Strikes out swinging
Batting: RHB Jesús Villegas 0-0: Ball
1-0: Fly out, F9 (Flyball, 9LM)
Batting: LHB Alejandro Rojas 0-0: Foul Ball, location: 2F
0-1: Ball
1-1: Swinging Strike
1-2: Ball
2-2: Foul Ball, location: 2F
2-2: Strikes out swinging
Bottom of the 7th over - 0 run(s), 0 hit(s), 0 error(s), 0 left on base; Ohio State 0 - Tennessee 2
TOP OF THE 8TH
Ohio State Buckeyes batting - Pitching for Tennessee Volunteers : RHP Tom Fisher
Batting: LHB Matt Ruskin 0-0: SOLO HOME RUN (Flyball, 9LD), Distance : 328 ft
Batting: SHB Junior Nájera 0-0: Foul Ball, location: 2F
0-1: Ball
1-1: Swinging Strike
1-2: Ground out 6-3 (Groundball, 6M)
Batting: SHB Tony Patterson 0-0: Swinging Strike
0-1: Foul Ball, location: 2F
0-2: Strikes out looking
Pitching: LHP Pancho Cruz
Batting: SHB Jorge Rodríguez 0-0: Swinging Strike
0-1: Foul Ball, location: 2F
0-2: Ball
1-2: Strikes out swinging
Top of the 8th over - 1 run(s), 1 hit(s), 0 error(s), 0 left on base; Ohio State 1 - Tennessee 2
BOTTOM OF THE 8TH
Tennessee Volunteers batting - Pitching for Ohio State Buckeyes : RHP Danny Bates
Pitching: RHP Tom Sheppard
Batting: RHB Brian Parks 0-0: Ball
1-0: Foul Ball, location: 2F
1-1: Ball
2-1: TRIPLE (Flyball, 9LM)
Batting: RHB Eugene Jefferson 0-0: Intentional Walk
Batting: RHB Ken Sánchez 0-0: Called Strike
0-1: Foul Ball, location: 2F
0-2: Ground out 4-3 (Groundball, 4M)
Eugene Jefferson to second
Batting: RHB Aaron Washington 0-0: Intentional Walk
Batting: RHB Michael Sawyer 0-0: Ball
1-0: Ball
2-0: Swinging Strike
2-1: Reached on error, E6 (Groundball, 6)
Brian Parks scores
Eugene Jefferson to third
Aaron Washington to second
Batting: RHB Courtnay Beck 0-0: Swinging Strike
0-1: Ball
1-1: Foul Ball, location: 2F
1-2: Strikes out swinging
Batting: RHB Travis Colbert 0-0: Ball
1-0: Called Strike
1-1: Ball
2-1: Foul Ball, location: 2F
2-2: Strikes out swinging
Bottom of the 8th over - 1 run(s), 1 hit(s), 1 error(s), 3 left on base; Ohio State 1 - Tennessee 3
TOP OF THE 9TH
Ohio State Buckeyes batting - Pitching for Tennessee Volunteers : LHP Pancho Cruz
Pitching: RHP Chris Jennings
Batting: RHB Júlio Morales 0-0: Fly out, F9 (Flyball, 89M)
Batting: LHB Frank García 0-0: SOLO HOME RUN (Flyball, 9LD), Distance : 339 ft
Batting: RHB Gabriel Soto 0-0: Ball
1-0: Ball
2-0: Called Strike
2-1: Foul Ball, location: 2F
2-2: Strikes out looking
Batting: RHB Brad Johnson 0-0: Ball
1-0: Swinging Strike
1-1: Swinging Strike
1-2: SINGLE (Line Drive, 56D)
Batting: SHB Devin Smith 0-0: Ball
1-0: Ball
2-0: Foul Ball, location: 2F
2-1: Foul Ball, location: 2F
2-2: Ball
3-2: Foul Ball, location: 2F
3-2: Foul Ball, location: 2F
3-2: Base on Balls
Brad Johnson to second
Batting: LHB Matt Ruskin 0-0: Foul Ball, location: 2F
0-1: Called Strike
0-2: Foul Ball, location: 2F
0-2: Strikes out swinging
Top of the 9th over - 1 run(s), 2 hit(s), 0 error(s), 2 left on base; Ohio State 2 - Tennessee 3
This league is powered by Out of the Park Baseball, the baseball management simulation game for PC, Mac and Linux
Wednesday, December 2nd, 2015 - OOTP Baseball 16.8 Build 38